 Dungeon Sprint DCSS version 0.30-a0-218-gedb9141078 (webtiles) character file.

Game seed: 1723387862063144669

6 wilfster70 the Covered (level 1, -1/22 HPs)
             Began as a Gargoyle Fighter on Oct 5, 2022.
             Slain by a water moccasin (5 damage)
             ... in the Dungeon (Sprint IX: "|||||||||||||||||||||||||||||").
             The game lasted 00:00:23 (144 turns).

wilfster70 the Covered (Gargoyle Fighter)            Turns: 144, Time: 00:00:23

Health: -1/22      AC:  9    Str: 19    XL:     1   Next: 90%
Magic:  1/1        EV:  9    Int:  8    God:
Gold:   0          SH:  4    Dex:  9    Spells: 0/0 levels left

rFire   . . .      SeeInvis .    a - +0 flail
rCold   . . .      Faith    .    c - +0 buckler
rNeg    + . .      Spirit   .    b - +0 scale mail
rPois   ∞          Reflect  .    (no helmet)
rElec   +          Harm     .    (no cloak)
rCorr   .          Rampage  .    (no gloves)
Will    .....      NoTele   +    (no boots)
Stlth   ..........               (no amulet)
HPRegen 0.23/turn                (no ring)
MPRegen 0.07/turn                (no ring)

@: berserking (expiring), very quick
A: sickness immunity, AC +2, negative energy resistance 1, electricity
resistance, torment resistance 1, petrification resistance
a: no special abilities


You were in the Dungeon.
You visited 1 branch

Inventory:

Hand Weapons
 a - a +0 flail (weapon)
Armour
 b - a +0 scale mail (worn)
 c - a +0 buckler (worn)
Scrolls
 j - a scroll of blinking
Potions
 d - a potion of might
 e - a potion of curing
 f - a potion of heal wounds
 g - a potion of haste
 h - 2 potions of magic


   Skills:
 + Level 3.7 Fighting
 * Level 3.0 Maces & Flails
 + Level 3.7 Armour
 + Level 3.7 Shields


You couldn't memorise any spells.
You didn't know any spells.
Your spell library was empty.

Dungeon Overview and Level Annotations

Branches:
Dungeon (1/1)

Altars:


Innate Abilities, Weirdness & Mutations

You are immune to sickness and miasma.
Your stone body is resilient. (AC +2)
You are immune to poison.
You resist negative energy. (rN+)
You are resistant to electric shocks. (rElec)
You are resistant to unholy torment.
You are immune to petrification.


Message History

Done waiting.
You open the door. 2 quokkas, an iguana, an adder and a water moccasin come into view.
The iguana hisses angrily.
The adder hisses angrily.
The water moccasin hisses angrily.
The water moccasin bites you.
A red film seems to cover your vision as you go berserk!
You feel yourself moving faster!
You feel mighty! You block the water moccasin's attack.
You closely miss the water moccasin. The water moccasin closely misses you.
The water moccasin bites you but does no damage.
You miss the water moccasin. The water moccasin bites you.
You closely miss the water moccasin.
The water moccasin bites you but does no damage.
You closely miss the water moccasin. The water moccasin barely misses you.
The quokka twitches its whiskers.
You closely miss the water moccasin. The water moccasin bites you.
You barely miss the water moccasin. The water moccasin bites you.
You miss the water moccasin. The water moccasin bites you.
* * * LOW HITPOINT WARNING * * *
The water moccasin misses you.
You barely miss the water moccasin.
The water moccasin bites you but does no damage.
You miss the water moccasin.
The water moccasin bites you but does no damage.
You miss the water moccasin.
The water moccasin bites you but does no damage.
You barely miss the water moccasin.
The water moccasin bites you but does no damage.
You miss the water moccasin. The water moccasin barely misses you.
You miss the water moccasin. The water moccasin bites you.
* * * LOW HITPOINT WARNING * * *
The water moccasin bites you but does no damage.
You sock the water moccasin!
The water moccasin is heavily wounded.
The water moccasin bites you but does no damage.
You closely miss the water moccasin.
The water moccasin is heavily wounded.
The water moccasin bites you.
You die...

▓+▓
▓.▓
▓r▓
▓r▓
▓l▓
▓S▓
▓S▓
▓@▓
▓.▓
▓.▓
▓.▓
▓.▓
▓)▓
▓.▓
▓.▓
▓.▓


You could see a water moccasin, an iguana, an adder and 2 quokkas.

Vanquished Creatures
  A ball python (D)
  A bat (D)
  A quokka (D)
  2 kobolds (D)
5 creatures vanquished.

Notes
Turn   | Place    | Note
-------+----------+-------------------------------------------
     0 | D        | wilfster70 the Gargoyle Fighter began the quest for the
                  | Orb.
     0 | D        | Reached XP level 1. HP: 14/14 MP: 1/1
   128 | D        | Noticed an iguana
   128 | D        | Noticed a water moccasin
   144 | D        | Slain by a water moccasin

Illustrated notes

Levels and vault maps discovered:
D:        linesprint [early_d, line_temple, items_1, d_10, items_2, lair_1,
          lair_end, items_3, orc_1, orc_end, items_4, d_15, swamp_1, shoals_1,
          snake_1, spider_1, d_20, vaults_1, items_5, swamp_end, shoals_end,
          snake_end, spider_end, vaults_end, d_27, items_6, zot_1, zot_end,
          crypt_end, forest_end, elf_end, slime_end, tomb_end, abyss_end,
          pan_hell_end]

Skill      XL: |  1 |
---------------+----+-----
Maces & Flails | 3 |  3.0
Fighting       | |  3.7
Armour         | |  3.7
Shields        | |  3.7

Action                   || total
-------------------------++-------
Melee: Flail             ||    33
  Use: Potion            ||     1
Armor: Scale mail        ||    18
Dodge: Dodged            ||    10
Block: Buckler           ||     2

Table legend: (Time is in decaauts)
 A = Elapsed time spent in this place.
 B = Non-inter-level travel time spent in this place.
 C = Inter-level travel time spent in this place.
 D = Time resting spent in this place.
 E = Time spent auto-exploring this place.
 F = Levels seen in this place.
 G = Mean time per level.
                   A        B        C        D        E       F      G
               +--------+--------+--------+--------+--------+-----+--------+
         Total |    147 |    147 |      0 |    100 |      0 |   1 |  147.0 |
       Dungeon |    147 |    147 |      0 |    100 |      0 |   1 |  147.0 |
               +--------+--------+--------+--------+--------+-----+--------+

Top non-repeatable levels by time:
       D: 147 daAuts
